[ AOE2 MATCH · #507979193 ]
UnrankedJapanese vs Goths
Player's team · LOSS
Rival team · WIN
[ REPLAY ANALYSIS · EXTRACTED FROM THE RECORDED GAME ]
Feudal
9:42
Castle
20:11
Imperial
—
| APM avg | 34.7 |
| APM peak | 65 |
| eAPM avg | 18.7 |
| Villagers / military | 100 / 44 |
Focus
⚔️ 33.7% · 🌾 66.3%
Cavalry Archer ×19 · Petard ×6 · Samurai ×6 · Spearman ×6 · Militia ×3 · Mangonel ×2
Feudal
9:21
Castle
25:02
Imperial
—
| APM avg | 64.7 |
| APM peak | 116 |
| eAPM avg | 34.0 |
| Villagers / military | 102 / 63 |
Focus
⚔️ 49.1% · 🌾 50.9%
Huskarl ×42 · Scout Cavalry ×12 · Knight ×5 · Battering Ram ×4
Match map
Initial resources + every placement click. Lines = walls · curves = elevation contours. ◆ gold · ⬟ stone · ● berries · ✦ relic · ◌ wall gap
Your base· ✓ Closed at 20:11 · 53t walls · no gate
poweredbygamespy's base· Open — opponent sealed themselves in
Smoothed initial terrain · ◌ = detected wall gap · hover for details
Inputs per minute
— scoop - - poweredbygamespy
Build order — scoop
First 150 of 259 actions detected
| 0:00 | Queue | Villager (Male) |
| 0:01 | Queue | Villager (Male) |
| 0:02 | Build | House |
| 0:03 | Build | House |
| 0:10 | Queue | Villager (Male) |
| 0:29 | Queue | Villager (Male) |
| 1:26 | Queue | Villager (Male) |
| 1:45 | Build | Lumber Camp |
| 1:56 | Queue | Villager (Male) |
| 2:29 | Queue | Villager (Male) |
| 2:46 | Build | House |
| 2:57 | Queue | Villager (Male) |
| 3:19 | Queue | Villager (Male) |
| 3:42 | Queue | Villager (Male) |
| 3:50 | Queue | Villager (Male) |
| 4:05 | Build | House |
| 4:31 | Queue | Villager (Male) |
| 4:38 | Queue | Villager (Male) |
| 4:45 | Queue | Villager (Male) |
| 5:09 | Queue | Villager (Male) |
| 5:54 | Build | Barracks |
| 5:56 | Queue | Villager (Male) |
| 6:01 | Build | House |
| 6:10 | Queue | Villager (Male) |
| 6:51 | Build | House |
| 6:55 | Queue | Villager (Male) |
| 7:02 | Build | Mill |
| 7:07 | Research | Loom |
| 7:29 | Research | Feudal Age |
| 7:42 | Build | Mining Camp |
| 7:49 | Queue | Militia |
| 7:50 | Queue | Militia |
| 7:53 | Build | House |
| 9:14 | Queue | Militia |
| 9:24 | Queue | Villager (Male) |
| 9:37 | Build | Palisade Wall |
| 9:41 | Queue | Villager (Male) |
| 9:42 | Age | Feudal Age |
| 9:49 | Queue | Villager (Male) |
| 9:53 | Build | Archery Range |
| 9:58 | Research | Man-at-Arms (upgrade) |
| 10:09 | Queue | Villager (Male) |
| 10:42 | Queue | Villager (Male) |
| 10:47 | Build | Farm |
| 10:49 | Queue | Spearman |
| 11:03 | Build | Farm |
| 11:16 | Queue | Spearman |
| 11:20 | Queue | Archer |
| 11:32 | Build | House |
| 11:39 | Build | Palisade Wall |
| 11:54 | Build | Palisade Wall |
| 11:56 | Queue | Villager (Male) |
| 12:01 | Build | Farm |
| 12:01 | Build | Farm |
| 12:01 | Build | Farm |
| 12:01 | Build | Farm |
| 12:04 | Queue | Spearman |
| 12:08 | Build | House |
| 12:23 | Build | Palisade Wall |
| 12:24 | Queue | Villager (Male) |
| 12:39 | Queue | Villager (Male) |
| 12:45 | Build | House |
| 12:48 | Build | House |
| 13:05 | Queue | Villager (Male) |
| 13:17 | Build | Palisade Wall |
| 13:18 | Queue | Villager (Male) |
| 13:24 | Build | Farm |
| 13:41 | Build | Palisade Wall |
| 13:42 | Build | Palisade Wall |
| 13:44 | Queue | Villager (Male) |
| 13:47 | Build | House |
| 13:48 | Build | Palisade Wall |
| 14:00 | Build | Palisade Wall |
| 14:01 | Build | Palisade Wall |
| 14:04 | Build | Palisade Wall |
| 14:10 | Queue | Villager (Male) |
| 14:19 | Queue | Villager (Male) |
| 14:28 | Build | Farm |
| 14:29 | Queue | Villager (Male) |
| 14:40 | Build | House |
| 14:41 | Build | House |
| 14:45 | Build | House |
| 14:46 | Queue | Villager (Male) |
| 14:59 | Queue | Villager (Male) |
| 15:01 | Queue | Villager (Male) |
| 15:04 | Build | Palisade Wall |
| 15:08 | Build | Farm |
| 15:09 | Build | Farm |
| 15:12 | Build | Market |
| 15:29 | Queue | Villager (Male) |
| 15:34 | Queue | Villager (Male) |
| 15:52 | Queue | Villager (Male) |
| 15:58 | Build | Farm |
| 15:59 | Queue | Villager (Male) |
| 16:06 | Build | Mining Camp |
| 16:24 | Build | Palisade Wall |
| 16:41 | Build | Farm |
| 16:58 | Build | Lumber Camp |
| 17:06 | Queue | Villager (Male) |
| 17:18 | Build | Mining Camp |
| 17:28 | Research | Castle Age |
| 17:57 | Queue | Villager (Male) |
| 18:03 | Build | Palisade Wall |
| 18:26 | Build | Blacksmith |
| 18:27 | Research | Double-Bit Axe |
| 18:35 | Research | Gold Mining |
| 18:37 | Queue | Villager (Male) |
| 18:51 | Build | Archery Range |
| 19:01 | Build | Archery Range |
| 19:06 | Queue | Villager (Male) |
| 19:09 | Build | Palisade Wall |
| 19:11 | Build | Palisade Wall |
| 19:23 | Build | Watch Tower |
| 19:32 | Queue | Villager (Male) |
| 19:36 | Queue | Spearman |
| 19:37 | Queue | Villager (Male) |
| 19:42 | Queue | Villager (Male) |
| 19:45 | Build | House |
| 19:47 | Build | House |
| 19:51 | Build | House |
| 20:00 | Build | House |
| 20:05 | Queue | Villager (Male) |
| 20:11 | Age | Castle Age |
| 20:15 | Build | House |
| 20:19 | Queue | Cavalry Archer |
| 20:19 | Queue | Cavalry Archer |
| 20:22 | Queue | Villager (Male) |
| 20:23 | Queue | Villager (Male) |
| 20:32 | Queue | Villager (Male) |
| 20:39 | Queue | Villager (Male) |
| 20:45 | Queue | Villager (Male) |
| 20:52 | Queue | Cavalry Archer |
| 20:53 | Queue | Cavalry Archer |
| 20:54 | Queue | Villager (Male) |
| 21:04 | Research | Fletching |
| 21:06 | Queue | Villager (Male) |
| 21:12 | Queue | Cavalry Archer |
| 21:15 | Queue | Villager (Male) |
| 21:22 | Build | Watch Tower |
| 21:30 | Queue | Spearman |
| 21:32 | Queue | Villager (Male) |
| 21:42 | Research | Bodkin Arrow |
| 21:51 | Queue | Villager (Male) |
| 22:00 | Build | Mining Camp |
| 22:13 | Queue | Villager (Male) |
| 22:24 | Build | House |
| 22:30 | Queue | Villager (Male) |
| 22:36 | Build | Farm |
| 22:52 | Queue | Villager (Male) |
| 22:56 | Queue | Villager (Male) |
Build order — poweredbygamespy
First 150 of 312 actions detected
| 0:00 | Queue | Villager (Male) |
| 0:01 | Queue | Villager (Male) |
| 0:02 | Build | House |
| 0:02 | Build | House |
| 0:05 | Queue | Villager (Male) |
| 0:08 | Queue | Villager (Male) |
| 1:15 | Queue | Villager (Male) |
| 1:33 | Queue | Villager (Male) |
| 1:50 | Build | Lumber Camp |
| 2:04 | Queue | Villager (Male) |
| 2:32 | Queue | Villager (Male) |
| 3:05 | Queue | Villager (Male) |
| 3:22 | Queue | Villager (Male) |
| 3:45 | Queue | Villager (Male) |
| 3:56 | Queue | Villager (Male) |
| 4:02 | Build | House |
| 4:09 | Queue | Villager (Male) |
| 5:00 | Queue | Villager (Male) |
| 5:18 | Build | House |
| 5:20 | Build | House |
| 5:25 | Queue | Villager (Male) |
| 5:30 | Build | Mill |
| 5:44 | Queue | Villager (Male) |
| 5:53 | Research | Loom |
| 6:15 | Queue | Villager (Male) |
| 6:37 | Queue | Villager (Male) |
| 6:52 | Build | Palisade Wall |
| 7:10 | Queue | Villager (Male) |
| 7:11 | Research | Feudal Age |
| 7:48 | Build | Lumber Camp |
| 8:38 | Build | Barracks |
| 8:50 | Queue | Villager (Male) |
| 9:21 | Age | Feudal Age |
| 9:30 | Build | Stable |
| 9:42 | Research | Double-Bit Axe |
| 9:46 | Queue | Villager (Male) |
| 10:10 | Queue | Villager (Male) |
| 10:12 | Research | Horse Collar |
| 10:44 | Queue | Villager (Male) |
| 10:45 | Queue | Scout Cavalry |
| 10:47 | Build | House |
| 11:16 | Queue | Villager (Male) |
| 11:19 | Queue | Scout Cavalry |
| 11:20 | Build | House |
| 11:27 | Queue | Villager (Male) |
| 11:29 | Build | Farm |
| 11:31 | Build | Farm |
| 11:32 | Build | Farm |
| 11:32 | Build | Farm |
| 11:37 | Queue | Villager (Male) |
| 11:42 | Queue | Scout Cavalry |
| 11:43 | Queue | Villager (Male) |
| 11:44 | Build | Farm |
| 11:50 | Build | House |
| 11:58 | Build | Palisade Wall |
| 12:01 | Queue | Villager (Male) |
| 12:10 | Queue | Scout Cavalry |
| 12:15 | Queue | Villager (Male) |
| 12:16 | Build | Farm |
| 12:25 | Build | Farm |
| 12:36 | Queue | Villager (Male) |
| 12:40 | Queue | Villager (Male) |
| 12:56 | Build | Mining Camp |
| 12:59 | Queue | Villager (Male) |
| 13:15 | Queue | Villager (Male) |
| 13:19 | Build | Farm |
| 13:20 | Queue | Villager (Male) |
| 13:43 | Build | Farm |
| 13:49 | Queue | Villager (Male) |
| 13:55 | Build | Watch Tower |
| 14:16 | Queue | Villager (Male) |
| 14:18 | Build | Farm |
| 14:19 | Build | Farm |
| 14:27 | Queue | Scout Cavalry |
| 14:37 | Queue | Villager (Male) |
| 15:10 | Queue | Villager (Male) |
| 15:12 | Queue | Scout Cavalry |
| 15:17 | Queue | Villager (Male) |
| 15:20 | Build | Farm |
| 15:21 | Build | Farm |
| 15:23 | Build | Farm |
| 15:38 | Queue | Villager (Male) |
| 15:40 | Build | Farm |
| 15:56 | Queue | Villager (Male) |
| 16:02 | Queue | Scout Cavalry |
| 16:17 | Queue | Villager (Male) |
| 16:18 | Queue | Villager (Male) |
| 16:20 | Build | Farm |
| 16:39 | Build | Watch Tower |
| 16:41 | Queue | Scout Cavalry |
| 16:42 | Queue | Villager (Male) |
| 16:46 | Build | Blacksmith |
| 17:03 | Build | Watch Tower |
| 17:05 | Queue | Scout Cavalry |
| 17:18 | Queue | Villager (Male) |
| 17:32 | Build | Mining Camp |
| 17:33 | Research | Scale Barding Armor |
| 17:34 | Research | Scale Barding Armor |
| 17:42 | Queue | Scout Cavalry |
| 17:54 | Build | Lumber Camp |
| 18:02 | Queue | Villager (Male) |
| 18:14 | Build | House |
| 18:18 | Queue | Scout Cavalry |
| 18:23 | Research | Forging |
| 18:23 | Research | Forging |
| 18:34 | Queue | Villager (Male) |
| 18:45 | Build | Watch Tower |
| 18:48 | Research | Fletching |
| 18:48 | Research | Fletching |
| 18:51 | Queue | Scout Cavalry |
| 19:21 | Queue | Villager (Male) |
| 19:37 | Research | Bloodlines |
| 19:38 | Research | Bloodlines |
| 20:20 | Build | Watch Tower |
| 20:30 | Queue | Villager (Male) |
| 20:31 | Build | Farm |
| 20:32 | Build | Farm |
| 20:35 | Build | Stable |
| 21:03 | Queue | Villager (Male) |
| 21:04 | Build | Farm |
| 21:05 | Build | Farm |
| 21:19 | Build | Farm |
| 21:28 | Build | Market |
| 21:29 | Queue | Villager (Male) |
| 21:49 | Build | Watch Tower |
| 22:01 | Build | Watch Tower |
| 22:04 | Queue | Villager (Male) |
| 22:22 | Research | Castle Age |
| 22:22 | Research | Castle Age |
| 22:36 | Build | House |
| 22:53 | Build | Watch Tower |
| 23:15 | Build | Watch Tower |
| 23:21 | Build | Palisade Wall |
| 23:22 | Build | Palisade Wall |
| 23:47 | Build | House |
| 24:10 | Build | Farm |
| 24:18 | Build | Palisade Wall |
| 24:20 | Build | Palisade Wall |
| 24:31 | Build | Watch Tower |
| 24:38 | Build | Watch Tower |
| 24:56 | Build | Palisade Wall |
| 24:59 | Queue | Villager (Male) |
| 25:02 | Age | Castle Age |
| 25:04 | Research | Light Cavalry (upgrade) |
| 25:14 | Build | Town Center |
| 25:19 | Queue | Villager (Male) |
| 25:31 | Build | Town Center |
| 25:37 | Queue | Knight |
| 25:39 | Research | Husbandry |
| 25:49 | Research | Iron Casting |
Match timeline
| 5:54 | scoop · first_building Barracks |
| 6:52 | poweredbygamespy · wall_segment Palisade Wall x3 |
| 8:38 | poweredbygamespy · first_building Barracks |
| 9:21 | poweredbygamespy · age_up feudal |
| 9:30 | poweredbygamespy · first_building Stable |
| 9:37 | scoop · wall_segment Palisade Wall x10 |
| 9:42 | scoop · age_up feudal |
| 9:53 | scoop · first_building Archery Range |
| 11:39 | scoop · wall_segment Palisade Wall x9 |
| 11:54 | scoop · wall_segment Palisade Wall x7 |
| 11:58 | poweredbygamespy · wall_segment Palisade Wall x3 |
| 12:23 | scoop · wall_segment Palisade Wall x9 |
| 13:17 | scoop · wall_segment Palisade Wall x7 |
| 13:41 | scoop · wall_segment Palisade Wall x1 |
| 13:42 | scoop · wall_segment Palisade Wall x1 |
| 13:48 | scoop · wall_segment Palisade Wall x1 |
| 14:00 | scoop · wall_segment Palisade Wall x1 |
| 14:01 | scoop · wall_segment Palisade Wall x1 |
| 14:04 | scoop · wall_segment Palisade Wall x1 |
| 15:04 | scoop · wall_segment Palisade Wall x1 |
| 16:24 | scoop · wall_segment Palisade Wall x1 |
| 16:49 | scoop · first_market_buy 100 food |
| 16:52 | scoop · first_market_sell 100 wood |
| 18:03 | scoop · wall_segment Palisade Wall x1 |
| 19:09 | scoop · wall_segment Palisade Wall x1 |
| 19:11 | scoop · wall_segment Palisade Wall x1 |
| 20:11 | scoop · age_up castle |
| 22:18 | poweredbygamespy · first_market_buy 100 food |
| 23:21 | poweredbygamespy · wall_segment Palisade Wall x3 |
| 23:22 | poweredbygamespy · wall_segment Palisade Wall x2 |
| 23:26 | scoop · first_building Siege Workshop |
| 24:05 | scoop · first_building Stable |
| 24:18 | poweredbygamespy · wall_segment Palisade Wall x3 |
| 24:20 | poweredbygamespy · wall_segment Palisade Wall x3 |
| 24:56 | poweredbygamespy · wall_segment Palisade Wall x2 |
| 25:02 | poweredbygamespy · age_up castle |
| 25:21 | scoop · wall_segment Palisade Wall x1 |
| 28:10 | scoop · first_building Castle |
| 28:42 | poweredbygamespy · first_building Castle |
| 31:37 | scoop · wall_segment Stone Wall x1 |
| 31:38 | scoop · wall_segment Stone Wall x1 |
| 31:40 | scoop · wall_segment Stone Wall x1 |
| 33:09 | poweredbygamespy · first_building Siege Workshop |
| 34:31 | scoop · wall_segment Stone Wall x1 |
| 36:32 | scoop · resign |
[ AI ANALYSIS · 1 CREDIT ]
What really happened in this match?
Wolo.gg analyzes every decision: build order, eco, micro, common mistakes by bracket. Personalized analysis on WhatsApp or Discord in 30 seconds.
Civ guide
Japanese
Perfil
Jugador #4365996